 Dungeon Crawl Stone Soup version 0.30.1-3-gfc49f6343a (console) character file.

Game seed: 16544579138999636060

256 Zeor the Magician (level 6, -2/43 HPs)
             Began as a Djinni Reaver on July 22, 2023.
             Slain by a hound (5 damage)
             ... on level 4 of the Dungeon.
             The game lasted 00:13:46 (2489 turns).

Zeor the Magician (Djinni Reaver)                   Turns: 2489, Time: 00:13:47

Health: -2/43      AC:  3    Str: 10    XL:     6   Next: 38%
Gold:   71         EV: 12    Int: 19    God:
                   SH:  0    Dex: 13

rFire   + + .        a - +9 sling {flame, rElec rN+++ Int+3 Dex-2}
rCold   x . .        (no shield)
rNeg    + + +        b - +0 leather armour
rPois   ∞            (no helmet)
rElec   +            (no cloak)
rCorr   .            (no gloves)
SInv    .            (boots unavailable)
Will    .....        (no amulet)
Stlth   +            (no ring)
HPRegen 0.27/turn    (no ring)
MPRegen 0.00/turn

%: infuse magic (-3 HP)
@: brilliant, flying, very slightly contaminated, hasted, very quick
A: sickness immunity, fire resistance 2, cold vulnerability 1, float, innate
caster, HP casting, extra vitality 1, agile 1, wild magic 1
a: no special abilities


You were on level 4 of the Dungeon.
You visited 1 branch of the dungeon, and saw 4 of its levels.

You collected 71 gold pieces.

Inventory:

Hand Weapons
 a - the +9 sling of Indomitability (weapon) {flame, rElec rN+++ Int+3 Dex-2}
   (You found it on level 2 of the Dungeon)

   Int:       It affects your intelligence (+3).
   Dex:       It affects your dexterity (-2).
   rElec:     It insulates you from electricity.
   rN:        It renders you almost immune to negative energy.
 f - a +0 falchion
 g - a +0 long sword
Armour
 b - a +0 leather armour (worn)
 n - a +2 scale mail of poison resistance
Jewellery
 c - a ring of protection from cold
 p - the amulet of Elemental Vulnerability {rPois rF-- rC-- AC+8}
   (You found it on level 4 of the Dungeon)

   [amulet of nothing]

   AC:        It affects your AC (+8).
   rF:        It makes you very vulnerable to fire.
   rC:        It makes you very vulnerable to cold.
   rPois:     It protects you from poison.
Scrolls
 m - a scroll of torment
Potions
 e - 2 potions of curing
 j - a potion of attraction {unknown}
 k - a potion of degeneration {unknown}
 l - a potion of magic {unknown}
 o - a potion of might {unknown}


   Skills:
 + Level 2.2 Fighting
 + Level 3.5 Long Blades
 * Level 2.3 Ranged Weapons
 + Level 1.2 Armour
 + Level 2.4 Dodging
 + Level 0.3 Stealth
 * Level 3.6 Spellcasting


You knew the following spells:

 Your Spells              Type           Power      Damage    Failure   Level
a - Kiss of Death         Conj/Necr      100%       2d13      7%          1
b - Momentum Strike       Conj/Tloc      66%        3d9       10%         2
c - Hailstorm             Conj/Ice       33%        3d8       19%         3
d - Sandblast             Erth           66%        2d15      7%          1
e - Poisonous Vapours     Pois/Air       66%        N/A       10%         2
Your spell library was empty.

Dungeon Overview and Level Annotations

Branches:
Dungeon (4/15)
 Temple: D:4-7

Altars:

Annotations:
D:3 1 runed translucent door, Crazy Yiuf


Innate Abilities, Weirdness & Mutations

You are immune to sickness and miasma.
You are immune to poison.
Your flesh is very heat resistant. (rF++)
You are vulnerable to cold. (rC-)
You float through the air rather than walking.
You learn spells naturally, not from books.
Your magical power is your life essence.
You have superior vitality. (+4 MHP)
You are agile. (Dex +4, Str/Int -1)
Your spells are a little harder to cast, but a little more powerful.


Message History

* * * LOW HITPOINT WARNING * * *
The phantom blinks!
You blink.
A gnoll comes into view. It is wielding a +0 whip.
You feel better.
The phantom hits you but does no damage.
It was a potion of mutation.
You feel extremely strange.
You feel less in control of your magic.
You feel agile.
The howler monkey hoots and howls with incredible vigour!
The phantom hits you.
The phantom blinks!
You blink.
A hound, a gnoll bouda and a gnoll come into view.
Found 10 gold pieces.
Casting: Hailstorm (quite dangerous; 22% risk of failure)
Confirm with . or Enter, or press ? or * to list all spells.
Aiming: Sandblast (safe; 8% risk of failure)
Press: ? - help, Shift-Dir - straight line, f/p - phantom
Aim: a phantom (moderately damaged, 78% to hit)
You feel a surge of power!
The blast of sand misses the phantom.
The hound barks!
You feel a bit more experienced. The phantom hits you.
* * * LOW HITPOINT WARNING * * *
Casting: Sandblast (safe; 7% risk of failure)
Confirm with . or Enter, or press ? or * to list all spells.
The spell is quite dangerous to miscast (19% risk of failure)!
Continue anyway?
Casting: Hailstorm (quite dangerous; 19% risk of failure)
Press: ? - help, Dir - look around, f - activate You feel a surge of power!
A cannonade of hail descends around you!
The hail pelts the gnoll!
You kill the gnoll!
The hail pelts the hound!
The hound is moderately wounded.
The hail misses the gnoll bouda.
* * * LOW HITPOINT WARNING * * *
The phantom completely misses you. The hound closely misses you.
Enter note: boner It was a potion of haste.
You feel yourself speed up. The gnoll bouda misses you. The phantom hits you!
* * * LOW HITPOINT WARNING * * *
The hound bites you.
You die... ▒▒∙ ∙∙∙∙∙ ∙∙∙∙ ∙∙∙∙∙ ∙∙∙▒■▒▒▒▒∙∙∙∙∙ ∙∙∙∙∙∙∙∙∙∙∙∙∙ ∙ ▒∙∙∙∙∙∙∙∙∙∙∙ ∙∙∙▒∙∙∙∙∙g∙∙∙ ∙∙∙∙∙∙∙g∙∙▒ ▒∙∙∙∙∙hRW∙▒∙∙∙∙∙∙∙∙▒ ▒∙∙∙∙∙∙∙∙)▒∙∙∙∙∙∙∙∙▒▒ ∙∙∙∙∙∙∙∙∙∙'∙∙∙∙∙∙∙∙∙

$∙∙∙∙∙∙∙∙∙▒∙∙∙∙∙∙∙∙∙
∙∙∙▒▒▒▒▒∙∙g∙∙∙∙∙∙∙∙
∙∙∙▒ ∙∙
▒▒▒▒∙∙∙∙∙∙∙∙∙▒ ∙∙∙ ∙
∙∙∙∙∙∙∙∙∙∙∙∙∙▒ ∙∙∙
∙∙∙!∙∙∙∙∙∙∙)∙▒ ∙∙∙
^∙∙∙∙∙∙∙∙∙∙∙∙▒▒▒▒▒∙∙


You could see a phantom, a gnoll bouda, a hound and 2 gnolls.

Vanquished Creatures
  A howler monkey (D:4)
  An orc priest (D:4)
  Terence (D:2)
  An iguana (D:4)
  4 gnolls (D:4)
  2 adders (D:3)
  2 worms (D:2)
  2 dart slugs (D:1)
  3 orcs (D:4)
  6 ball pythons
  11 endoplasms
  6 giant cockroaches
  4 goblins
  8 hobgoblins
  3 jackals (D:3)
  2 quokkas
  5 bats
  3 frilled lizards
  6 kobolds
  2 rats
73 creatures vanquished.

Notes
Turn   | Place    | Note
-------+----------+-------------------------------------------
     0 | D:1      | Zeor the Djinni Reaver began the quest for the Orb.
     0 | D:1      | Zeor set off with the following spells memorised: Kiss of
                  | Death, Momentum Strike, Hailstorm.
     0 | D:1      | Reached XP level 1. HP: 18/18 MP: 0/0
   165 | D:1      | Reached XP level 2. HP: 18/20 MP: 0/0
   433 | D:1      | Reached XP level 3. HP: 24/26 MP: 0/0
   433 | D:1      | Learned a level 1 spell: Sandblast
   923 | D:2      | Identified the +9 sling of Indomitability {flame, rElec
                  | rN+++ Int+3 Dex-2}
   939 | D:2      | Reached XP level 4. HP: 24/33 MP: 0/0
  1056 | D:2      | Noticed Terence
  1064 | D:2      | Killed Terence
  1607 | D:3      | Reached XP level 5. HP: 38/38 MP: 0/0
  1607 | D:3      | Learned a level 2 spell: Poisonous Vapours
  1672 | D:3      | Found a runed translucent door.
  1673 | D:3      | Noticed Crazy Yiuf
  1919 | D:3      | Reached skill level 1 in Ranged Weapons
  2319 | D:4      | Reached skill level 1 in Armour
  2337 | D:4      | Noticed a phantom
  2448 | D:4      | Found the amulet of Elemental Vulnerability {rPois rF--
                  | rC-- AC+8}
  2476 | D:4      | Reached XP level 6. HP: 43/43 MP: 0/0
  2486 | D:4      | Gained mutation: Your spells are a little harder to cast,
                  | but a little more powerful. [potion of mutation]
  2486 | D:4      | Gained mutation: You are agile. (Dex +4, Str/Int -1)
                  | [potion of mutation]
  2489 | D:4      | boner
  2489 | D:4      | Slain by a hound

Illustrated notes ▒▒∙ ∙∙∙∙∙ ∙∙∙∙ ∙∙∙∙∙ ∙∙∙▒■▒▒▒▒∙∙∙∙∙ ∙∙∙∙∙∙∙∙∙∙∙∙∙ ∙ ▒∙∙∙∙∙∙g∙∙∙∙ ∙∙∙▒∙∙∙∙∙∙∙∙∙ ∙∙∙∙∙∙∙g∙∙▒ ▒∙∙∙∙∙hRW∙▒∙∙∙∙∙∙∙∙▒ ▒∙∙∙∙∙∙∙∙)▒∙∙∙∙∙∙∙∙▒▒ ∙∙∙∙∙∙∙∙∙∙'∙∙∙∙∙∙∙∙∙

$∙∙∙∙∙∙∙∙∙▒∙∙∙∙∙∙∙∙∙
∙∙∙▒▒▒▒▒∙∙∙∙∙∙∙∙∙∙∙
∙∙∙▒ ∙∙
▒▒▒▒∙∙∙∙∙∙∙∙∙▒ ∙∙∙ ∙
∙∙∙∙∙∙∙∙∙∙∙∙∙▒ ∙∙∙
∙∙∙!∙∙∙∙∙∙∙)∙▒ ∙∙∙
^∙∙∙∙∙∙∙∙∙∙∙∙▒▒▒▒▒∙∙


Turn 2489 on D:4: boner

Levels and vault maps discovered:
D:1:      saegor_arrival_simple_c, layout_rooms, minmay_strange_pillars
D:2:      layout_basic, uniq_terence
D:3:      layout_loops_ring, minmay_misc_feat_diagonals, minivault_24,
          hangedman_decor_clover_reticule, minmay_large_rounded_square,
          minivault_24, uniq_crazy_yiuf_cottage
D:4:      layout_basic, marbit_many_paths, minmay_temple_entry_gardened_gates

Skill      XL: |  1  2  3  4  5 |
---------------+----------------+-----
Long Blades    | 3 |  3.5
Spellcasting   | 3 |  3.6
Ranged Weapons | 2 |  2.3
Armour         | 1 |  1.2
Fighting       | |  2.2
Dodging        | |  2.4
Stealth        | |  0.3

Action                     |  1- 3 |  4- 6 || total
---------------------------+-------+-------++-------
  Melee: Falchion          |    26 |       ||    26
         Long sword        |    34 |       ||    34
   Fire: Sling             |     6 |    50 ||    56
   Cast: Kiss of Death     |     1 |       ||     1
         Momentum Strike   |    19 |     3 ||    22
         Sandblast         |     9 |     6 ||    15
         Poisonous Vapours |       |     4 ||     4
         Hailstorm         |       |     3 ||     3
    Use: Scroll            |     1 |     6 ||     7
         Potion            |       |     5 ||     5
 Armour: Leather armour    |    15 |     3 ||    18
  Dodge: Dodged            |    38 |     8 ||    46
